 Dungeon Crawl Stone Soup version 0.29.1-12-g30fa7ad0bf (webtiles) character file.

Game seed: 16148386149895418229

1568 croobank the Trooper (level 8, -9/69 HPs)
             Began as a Demigod Ice Elementalist on Jan 10, 2023.
             Killed by divine providence
             ... invoked by an orc priest
              (15 damage)
             ... on level 6 of the Dungeon.
             The game lasted 00:24:44 (7678 turns).

croobank the Trooper (Demigod Ice Elementalist)     Turns: 7678, Time: 00:24:44

Health: -9/69      AC:  7    Str:  9    XL:     8   Next: 33%
Magic:  12/17      EV: 17    Int: 25    God:
Gold:   232        SH:  5    Dex: 14    Spells: 8/15 levels left

rFire   . . .      SeeInvis .   n - +1 dagger (venom)
rCold   . . .      Faith    .   (no shield)
rNeg    . . .      Spirit   .   e - +0 leather armour
rPois   .          Reflect  +   (no helmet)
rElec   .          Harm     .   A - +2 cloak
rCorr   .          Rampage  .   g - +0 pair of gloves
Will    .....                   (no boots)
Stlth   +++.......              m - amulet of reflection
HPRegen 0.21/turn               p - ring of wizardry
MPRegen 0.15/turn               r - +4 ring of evasion

@: hasted, very quick
A: high MP 1, forlorn, divine attributes
a: no special abilities


You were on level 6 of the Dungeon.
You visited 1 branch of the dungeon, and saw 6 of its levels.

You collected 232 gold pieces.

Inventory:

Hand Weapons
 d - a +0 whip
 h - a +0 dagger of chaos
 n - a +1 dagger of venom (weapon)
 s - a +2 vorpal mace
 z - a +2 quarterstaff of chaos
Missiles
 x - a javelin (quivered)
 B - 2 poisoned darts
Armour
 a - a +0 robe
 e - a +0 leather armour (worn)
 g - a +0 pair of gloves (worn)
 o - a +4 scale mail
 y - a +0 ring mail of positive energy
 A - a +2 cloak (worn)
Jewellery
 k - a +6 ring of dexterity
 m - an amulet of reflection (around neck)
 p - a ring of wizardry (left hand)
 r - a +4 ring of evasion (right hand)
 w - a ring of positive energy
Wands
 v - a wand of roots (3)
Scrolls
 b - 2 scrolls of identify
 j - 2 scrolls of silence
Potions
 c - 2 potions of flight
 f - 4 potions of mutation
 i - a potion of might
 l - 3 potions of curing
 q - 2 potions of attraction
 t - a potion of resistance


   Skills:
 * Level 5.5 Fighting
 + Level 4.3 Dodging
 + Level 4.6 Stealth
 + Level 4.0 Spellcasting
 + Level 5.4 Ice Magic


You had 8 spell levels left.
You knew the following spells:

 Your Spells              Type           Power      Damage    Failure   Level
a - Freeze                Ice            100%       1d11      1%          1
b - Frozen Ramparts       Ice            64%        1d10      1%          3
c - Ozocubu's Armour      Ice            32%        N/A       1%          3

Your spell library contained the following spells:

 Spells                   Type           Power      Damage    Failure   Level
 Hailstorm                Conj/Ice       18%        3d6       16%         4


Dungeon Overview and Level Annotations

Branches:
Dungeon (6/15)
 Temple: D:4-7

Shops:
D:4 (   D:6 *

Annotations:
D:4 2 runed translucent doors, hawla's ghost, weakling MeIE


Innate Abilities, Weirdness & Mutations

You have an increased reservoir of magic. (+10% MP)
You shall have no god before yourself.
Your divine heritage dramatically boosts your attributes as you level up.


Message History

[Y]es or [N]o only, please.
Your icy armour will break if you move.
Continue?
Your icy armour cracks and falls away as you move.
An orc priest and an orc come into view.
The orc is wielding a +2 short sword of flaming.
The grasping roots constrict the wight.
The orc shouts!
You hear a shout!
The orc priest shouts!
The roots release their grip on the wight.
The wight closely misses you.
The orc priest invokes the aid of Beogh against you.
Beogh smites you!
An orc priest comes into view. It is wielding a +0 dagger.
You barely miss the wight.
The wight is moderately damaged.
The wight completely misses you.
The orc priest mumbles some strange prayers to Beogh against you.
Beogh smites you!
* * * LOW HITPOINT WARNING * * *
An orc wizard comes into view. It is wielding a +0 dagger.
An orc wizard comes into view. It is wielding a +0 dagger.
The wight closely misses you.
The orc wizard gestures wildly while chanting.
The orc wizard flickers and vanishes!
Deactivating autopickup; reactivate with Ctrl-A.
The wight hits you with a +4 great sword.
* * * LOW HITPOINT WARNING * * *
An orc comes into view. It is wielding a +0 dagger.
The orc priest miscasts a cantrip.
Okay, then.
It was a potion of haste.
You feel yourself speed up.
The wight hits you with a +0 long sword.
* * * LOW HITPOINT WARNING * * *
The orc closely misses you.
An orc comes into view. It is wielding a +0 flail.
An orc comes into view. It is wielding a +0 short sword.
The orc wizard casts a spell.
The orc wizard flickers and vanishes!
The orc priest mumbles some strange prayers to Beogh against you.
Beogh smites you!
You die... .#_#....# ....... ##⌠##...# .o... .###....# ozo.

......Y.# #oo# ........#
#..### ........# #z.z.#
........# #.oz.#
........# #..z.#
........########@#####.
..............).).....#
......................#
......................#
..........(...........#
...........(..........#
##############'####.....
.... ..... .... ...


You could see 5 wights, 2 orc priests and 4 orcs.

Vanquished Creatures
  A water moccasin (D:6)
  An ice beast (D:6)
  A black bear (D:6)
  A sky beast (D:6)
  An ogre (D:5)
  A centaur (D:6)
  A bullfrog (D:6)
  3 scorpions
  2 electric eels (D:6)
  4 orc priests
  Crazy Yiuf (D:5)
  3 gnoll boudas
  2 hounds
  2 jellies
  3 iguanas
  An orc wizard (D:4)
  11 gnolls
  5 adders
  2 ufetubi (D:4)
  3 worms
  A dart slug (D:3)
  15 orcs
  4 bats
  4 endoplasms
  2 giant cockroaches (D:4)
  6 goblins
  9 hobgoblins
  5 jackals
  4 quokkas
  6 ball pythons
  4 frilled lizards
  7 kobolds
  4 rats
120 creatures vanquished.

Notes
Turn   | Place    | Note
-------+----------+-------------------------------------------
     0 | D:1      | croobank the Demigod Ice Elementalist began the quest for
                  | the Orb.
     0 | D:1      | Reached XP level 1. HP: 14/14 MP: 5/5
   844 | D:1      | Reached XP level 2. HP: 20/20 MP: 4/7
  1147 | D:2      | Reached skill level 1 in Fighting
  1420 | D:2      | Reached XP level 3. HP: 28/28 MP: 3/8
  1466 | D:2      | Learned a level 3 spell: Frozen Ramparts
  2379 | D:3      | Reached XP level 4. HP: 34/36 MP: 2/10
  3238 | D:4      | Found a runed translucent door.
  3239 | D:4      | Noticed hawla's ghost (weakling MeIE)
  3241 | D:4      | Noticed a bullfrog
  3408 | D:4      | Reached XP level 5. HP: 42/42 MP: 11/11
  3602 | D:4      | Found a runed translucent door.
  3630 | D:4      | Reached XP level 6. HP: 23/51 MP: 0/13
  3797 | D:4      | Found Wudigena's Antique Weapon Emporium.
  4363 | D:4      | Learned a level 3 spell: Ozocubu's Armour
  4757 | D:5      | Entered Level 5 of the Dungeon
  5302 | D:5      | Reached XP level 7. HP: 58/58 MP: 4/14
  5477 | D:5      | Found a runed translucent door.
  5478 | D:5      | Noticed Crazy Yiuf
  5485 | D:5      | Killed Crazy Yiuf
  6104 | D:6      | Reached skill level 5 in Ice Magic
  6366 | D:6      | Found Zin's Purification Station.
  6822 | D:6      | Reached XP level 8. HP: 67/67 MP: 16/16
  6853 | D:6      | Reached skill level 5 in Fighting
  7678 | D:6      | Killed from afar by an orc priest

Illustrated notes

Levels and vault maps discovered:
D:1:      matt_arrival_refuge, layout_rooms
D:2:      layout_loops_ring, st_stairs_14
D:3:      layout_loops_corners, gup_sewer_entry_bowl,
          hellmonk_ecumenical_altar_pennies_from_heaven
D:4:      minmay_angry_zag, layout_basic, serial_shops, nicolae_diamond_shop,
          ebering_ghost_sewer_f, nicolae_concentric_dashed_squares_wild,
          kennysheep_generic_room_10
D:5:      layout_cave_pools, uniq_crazy_yiuf_cottage
D:6:      layout_gridville, okawaru_metal_pillars_3, zin_purify,
          kennysheep_big_empty_room, st_stairs_10

Skill      XL: |  1  2  3  4  5  6  7  8 |
---------------+-------------------------+-----
Stealth        | 2 3 4 |  4.6
Dodging        | 2 3 4 |  4.3
Spellcasting   | 2 3 4 |  4.0
Fighting       | 1 2 3 4 5 |  5.5
Ice Magic      | 4 5 |  5.4

Action                   |  1- 3 |  4- 6 |  7- 9 || total
-------------------------+-------+-------+-------++-------
Melee: Whip              |    21 |    16 |       ||    37
       Dagger            |       |    64 |    77 ||   141
       Punch             |       |     1 |     1 ||     2
Throw: Javelin           |       |       |     5 ||     5
 Cast: Freeze            |    50 |    14 |    23 ||    87
       Frozen Ramparts   |     5 |    18 |     9 ||    32
       Ozocubu's Armour  |       |     1 |    11 ||    12
Evoke: Wand              |       |       |     7 ||     7
  Use: Scroll            |     7 |     6 |     2 ||    15
       Potion            |       |       |     6 ||     6
 Stab: Sleeping          |     1 |     6 |     1 ||     8
Armor: Leather armour    |    13 |    16 |    33 ||    62
Dodge: Dodged            |    38 |    57 |   113 ||   208
Block: Other             |     5 |    20 |    38 ||    63
